 Dungeon Crawl Stone Soup version 0.25.1-11-g244df3a29b (webtiles) character file.

Game seed: 13254295360220597027

238 oldriver the Sneak (level 6, -2/42 HPs)
             Began as a Halfling Assassin on Jan 3, 2023.
             Killed by nerve-wracking pain
             ... invoked by an orc priest
              (6 damage)
             ... on level 4 of the Dungeon.
             The game lasted 00:08:06 (3702 turns).

oldriver the Sneak (Halfling Assassin)              Turns: 3702, Time: 00:08:07

Health: -2/42      AC:  7    Str: 14    XL:     6   Next: 28%
Magic:  0/6        EV: 13    Int:  9    God:
Gold:   105        SH:  0    Dex: 16    Spells: 5/5 levels left

rFire    . . .     SeeInvis .   a - +3 short sword (speed)
rCold    . . .     Gourm    .   (shield restricted)
rNeg     . . .     Faith    .   z - +0 ring mail
rPois    .         Spirit   +   (no helmet)
rElec    .         Reflect  .   c - +1 cloak
rCorr    .         Harm     .   (no gloves)
MR       .....                  (no boots)
Stlth    +++.......             u - amulet of guardian spirit
HPRegen  0.14/turn              (no ring)
MPRegen  0.10/turn              y - ring of stealth

@: no status effects
A: small, mutation resistance 1
a: no special abilities


You were on level 4 of the Dungeon.
You were hungry.

You visited 1 branch of the dungeon, and saw 4 of its levels.

You collected 105 gold pieces.

Inventory:

Hand Weapons
 a - a +3 short sword of speed (weapon)
 b - a +0 hunting sling
Missiles
 d - 7 poisoned darts (quivered)
 e - a curare-tipped dart
 o - 115 stones
Armour
 c - a +1 cloak (worn)
 z - a +0 ring mail (worn)
Jewellery
 s - an uncursed ring of ice
 u - an amulet of guardian spirit (around neck)
 y - a ring of stealth (right hand)
Wands
 p - a wand of flame (20)
Scrolls
 h - a scroll of identify
 i - 2 scrolls of remove curse
Potions
 q - 2 potions of brilliance
 v - a potion of curing {unknown}
 w - a potion of berserk rage {unknown}
Comestibles
 f - 7 rations
 g - a chunk of flesh


   Skills:
 + Level 3.0 Fighting
 * Level 5.2 Short Blades
 * Level 2.4(3.2) Slings
 - Level 2.0(2.3) Throwing
 - Level 1.1 Dodging
 + Level 5.4 Stealth


You had 5 spell levels left.
You didn't know any spells.
Your spell library contained the following spells:

 Spells                   Type           Power        Failure   Level  Hunger
 Blink                    Tloc           N/A          77%         2    ###....
 Shroud of Golubria       Chrm/Tloc      #.....       77%         2    ###....
 Gell's Gravitas          Tloc           #.........   94%         3    ####...
 Lesser Beckoning         Tloc           #.........   94%         3    ####...
 Teleport Other           Tloc           #.......     94%         3    ####...
 Passage of Golubria      Tloc           N/A          100%        4    #####..


Dungeon Overview and Level Annotations

Branches:
Dungeon (4/15)
 Temple: D:4-7

Altars:
Elyvilon
Yredelemnul


Innate Abilities, Weirdness & Mutations

You are small and have problems with some larger weapons.
You are somewhat resistant to further mutation.


Message History

The orc priest is heavily wounded.
You puncture the orc priest!
The orc priest is almost dead.
The orc priest hits you with a +0 mace.
* * * LOW HITPOINT WARNING * * *
Okay, then.
Evoke which item? (* to show all) (? for menu, Esc to quit)
Aiming: Throw Flame
Press: ? - help, Shift-Dir - straight line, f - orc priest
Aim: an orc priest, wielding a +0 mace (almost dead)
The puff of flame misses the orc priest.
The orc priest misses you.
Evoke which item? (* to show all) (? for menu, Esc to quit)
Aiming: Throw Flame
Press: ? - help, Shift-Dir - straight line, f/p - orc priest
Aim: an orc priest, wielding a +0 mace (almost dead)
The puff of flame misses the orc priest.
The orc priest invokes the aid of Beogh against you.
Pain shoots through your body!
You die...

#........# #..o
#........# ..
##'####### ..$.
#)# ..o## #.#
.o.. #.# ...#
#.# .(.# #.#
...#
#@##########o..#
#o..(.(..(.....#
############...#
#..... .....
###.


You could see an orc priest.

Vanquished Creatures
  2 orc wizards (D:4)
  An iguana (D:4)
  3 gnolls (D:2)
  2 adders
  2 oozes
  5 worms
  3 dart slugs
  4 leopard geckos
  2 orcs (D:4)
  A ball python (D:1)
  6 giant cockroaches
  9 goblins
  7 hobgoblins
  16 jackals
  9 kobolds
  2 quokkas
  5 bats
  A frilled lizard (D:3)
  A quokka zombie (D:4)
  6 rats
87 creatures vanquished.

Notes
Turn   | Place    | Note
-------+----------+-------------------------------------------
     0 | D:1      | oldriver the Halfling Assassin began the quest for the Orb.
     0 | D:1      | Reached XP level 1. HP: 14/14 MP: 1/1
   169 | D:1      | Reached XP level 2. HP: 7/19 MP: 2/2
   552 | D:1      | Reached XP level 3. HP: 22/24 MP: 3/3
  1387 | D:1      | Reached XP level 4. HP: 27/29 MP: 4/4
  1931 | D:2      | Reached skill level 5 in Stealth
  2039 | D:2      | Reached XP level 5. HP: 25/35 MP: 5/5
  2635 | D:2      | Found a faded altar of an unknown god.
  2843 | D:3      | Reached skill level 1 in Slings
  2974 | D:3      | Found a basalt altar of Yredelemnul.
  3603 | D:4      | Found a white marble altar of Elyvilon.
  3606 | D:4      | Reached skill level 5 in Short Blades
  3606 | D:4      | Reached XP level 6. HP: 41/41 MP: 6/6
  3702 | D:4      | Killed from afar by an orc priest

Illustrated notes

Levels and vault maps discovered:
D:1:      minmay_arrival_three_doors, layout_rooms, serial_forest,
          infiniplex_forest_clump_medium, infiniplex_forest_clump_diagonal,
          infiniplex_forest_fountain, infiniplex_forest_clump_large,
          infiniplex_forest_lined_3_way, infiniplex_forest_end_1,
          infiniplex_forest_3_way
D:2:      layout_loops_ring, first_ration, chequers_ecumenical_altar_twisty,
          grunt_ministairs_8, minmay_misc_feat_nine_boxes, minmay_quadrilaterals
D:3:      layout_basic, yredelemnul_altar_generic
D:4:      layout_basic, old_standard_altar, overflow_temple_1_default,
          overflow_temple_1_default, temple_doors_e

Skill      XL: |  1  2  3  4  5  6 |
---------------+-------------------+-----
Fighting       | 2 3 |  3.0
Short Blades   | 3 4 5 |  5.2
Stealth        | 5 |  5.4
Slings         | 1 2 |  2.4
Throwing       | |  2.0
Dodging        | |  1.1

Action                   |  1- 3 |  4- 6 || total
-------------------------+-------+-------++-------
Melee: Dagger            |    99 |     7 ||   106
       Short sword       |       |   109 ||   109
 Fire: Hunting sling     |       |    49 ||    49
Throw: Dart              |    31 |     9 ||    40
       Stone             |       |     2 ||     2
Evoke: Wand              |       |     4 ||     4
  Use: Scroll            |       |     7 ||     7
       Potion            |       |     2 ||     2
 Stab: Sleeping          |     2 |    12 ||    14
  Eat: Chunk             |     1 |     7 ||     8
Armor: Robe              |    23 |    17 ||    40
       Ring mail         |       |     5 ||     5
Dodge: Dodged            |    62 |    58 ||   120
